 Dungeon Crawl Stone Soup version 0.23.2-1-ga50397a (webtiles) character file.

Game seed: 9160320101108392987

1869 Fang the Skirmisher (level 9, -2/57 HPs)
             Began as a Gargoyle Berserker on Apr 25, 2019.
             Was an Elder of Trog.
             Killed by divine providence
             ... invoked by an orc priest
              (14 damage)
             ... on level 6 of the Dungeon.
             The game lasted 00:06:43 (5500 turns).

Fang the Skirmisher (Gargoyle Berserker)            Turns: 5500, Time: 00:06:44

Health: -2/57      AC: 21    Str: 25    XL:     9   Next: 13%
Magic:  9/9        EV:  9    Int:  7    God:    Trog [****..]
Gold:   296        SH:  0    Dex:  9    Spells: 8/8 levels left

rFire    . . .     SeeInvis .   a - +0 hand axe
rCold    . . .     Gourm    .   (no shield)
rNeg     + . .     Faith    .   b - +0 plate armour
rPois    ∞         Spirit   .   (no helmet)
rElec    +         Reflect  .   (no cloak)
rCorr    .         Harm     .   d - +1 pair of gloves
MR       .....                  (no boots)
Stlth    ..........             (no amulet)
HPRegen  0.19/turn              (no ring)
MPRegen  0.11/turn              (no ring)

@: berserk cooldown, slowed, very slow
A: negative energy resistance 1, electricity resistance, unbreathing,
petrification resistance, rot immunity, AC +6
a: Berserk, Trog's Hand, Brothers in Arms, Renounce Religion


You were on level 6 of the Dungeon.
You worshipped Trog.
Trog was greatly pleased with you.
You were near starving.

You visited 1 branch of the dungeon, and saw 6 of its levels.

You collected 296 gold pieces.

Inventory:

Hand Weapons
 a - a +0 hand axe (weapon)
Armour
 b - a +0 plate armour (worn)
 d - a +1 pair of gloves (worn)
Wands
 t - a wand of random effects (21)
Scrolls
 e - 3 scrolls of noise {unknown}
 f - 2 scrolls of amnesia {unknown}
 j - a scroll of fear {unknown}
 k - 5 scrolls of identify {unknown}
 n - a scroll of enchant armour {unknown}
 p - 2 scrolls of remove curse {unknown}
 q - a scroll of fog {unknown}
 r - a scroll of random uselessness {unknown}
Potions
 g - 2 potions of mutation {unknown}
 h - 4 potions of might {unknown}
 i - a potion of degeneration {unknown}
 l - 4 potions of lignification {unknown}
 m - a potion of brilliance {unknown}
 o - a potion of curing
 s - a potion of flight {unknown}
 v - 2 potions of magic {unknown}
Comestibles
 c - 4 rations


   Skills:
 + Level 7.1 Fighting
 + Level 5.9 Axes
 + Level 6.7 Armour
 + Level 5.0 Dodging


You had 8 spell levels left.
You didn't know any spells.
Your spell library was empty.

Dungeon Overview and Level Annotations

Branches:
Dungeon (6/15)
 Temple: D:4-7

Altars:
Dithmenos
Gozag
Kikubaaqudgha
Yredelemnul

Shops:
D:4 ?%?   D:5 !

Annotations:
D:6 Blork the orc


Innate Abilities, Weirdness & Mutations

You are resistant to torment.
Your stone body is resilient. (AC +6)
You are immune to poison.
You resist negative energy. (rN+)
You are resistant to electric shocks. (rElec)
You can survive without breathing.
You are immune to petrification.
You are immune to rotting.


Message History

Things that are here:
2 chunks of flesh; a bullfrog skeleton An orc warrior comes into view.
It is wielding a +0 long sword.
Blork the orc casts a spell at you.
The magic dart hits you but does no damage.
The bullfrog hits you but does no damage.
The orc priest invokes the aid of Beogh against you.
Beogh smites you!
* * * LOW HITPOINT WARNING * * *
Blork the orc hits you from afar with a +0 glaive.
* * * LOW HITPOINT WARNING * * *
The bullfrog hits you but does no damage.
The orc priest barely misses the freed slave.
The two-headed ogre hits you but does no damage. x2
The freed slave hits the orc priest.
The bullfrog closely misses you. Something hits you but does no damage.
The orc priest looks encouraged for a moment.
The orc priest calls down the wrath of Beogh upon you.
Beogh smites you!
You die...

#### . .....
..###......
#.#<#......
#.#@#......
#####.#F#......
#......Ooo...#
###.....o......#
...............#
###...[o.%.....#
......p........#
.##p..)........#
#............#


You could see a two-headed ogre, Blork the orc, a bullfrog, an orc priest, an
orc and 2 neutral freed slaves.

Vanquished Creatures
  Pikel (D:6)
  Grinder (D:3)
  Duvessa (D:5)
  An ice beast (D:3)
  2 slaves (D:6)
  A bullfrog (D:6)
  A jelly (D:5)
  Dowan (D:5)
  2 howler monkeys
  2 crimson imps (D:5)
  4 hounds
  Crazy Yiuf (D:3)
  2 orc priests (D:4)
  Natasha (thrice) (D:3)
  An iguana (D:5)
  2 worker ants
  Terence (D:3)
  A hound skeleton (D:5)
  Robin (D:4)
  7 gnolls
  9 adders
  2 worms (D:2)
  A dart slug (D:2)
  2 leopard geckos (D:4)
  17 orcs
  4 giant cockroaches
  14 goblins
  10 hobgoblins
  19 jackals
  8 kobolds
  3 quokkas
  A ball python (D:1)
  7 bats
  3 frilled lizards
  A quokka skeleton (D:5)
  4 rats
141 creatures vanquished.

Notes
Turn   | Place    | Note
-------+----------+-------------------------------------------
     0 | D:1      | Fang the Gargoyle Berserker began the quest for the Orb.
     0 | D:1      | Reached XP level 1. HP: 14/14 MP: 1/1
   195 | D:1      | Reached XP level 2. HP: 19/19 MP: 2/2
   633 | D:1      | Reached XP level 3. HP: 21/23 MP: 3/3
  1255 | D:2      | Reached ** piety under Trog
  1255 | D:2      | Reached XP level 4. HP: 29/29 MP: 4/4
  1407 | D:2      | Reached skill level 4 in Fighting
  1498 | D:2      | Found an opulent altar of Gozag.
  1755 | D:2      | Found a shadowy altar of Dithmenos.
  1924 | D:3      | Noticed Terence
  1944 | D:3      | Killed Terence
  1944 | D:3      | Reached XP level 5. HP: 30/33 MP: 5/5
  2071 | D:3      | Noticed an ice beast
  2083 | D:3      | Killed an ice beast
  2083 | D:3      | Reached XP level 6. HP: 39/39 MP: 6/6
  2473 | D:3      | Noticed Grinder
  2486 | D:3      | Killed Grinder
  2486 | D:3      | Reached skill level 5 in Fighting
  2486 | D:3      | Reached XP level 7. HP: 44/44 MP: 7/7
  2632 | D:3      | Noticed Natasha
  2637 | D:3      | Killed Natasha
  2770 | D:3      | Noticed Natasha
  2789 | D:3      | Killed Natasha
  2867 | D:3      | Found a runed translucent door.
  2868 | D:3      | Noticed Crazy Yiuf
  2930 | D:3      | Killed Crazy Yiuf
  3292 | D:3      | Noticed Natasha
  3310 | D:3      | Killed Natasha
  3310 | D:3      | Reached *** piety under Trog
  3472 | D:4      | Found Raecw's Magic Scroll Boutique.
  3560 | D:5      | Entered Level 5 of the Dungeon
  3947 | D:4      | Reached skill level 5 in Armour
  4016 | D:4      | Found Ruwepecite's Magic Scroll Emporium.
  4016 | D:4      | Noticed Robin
  4031 | D:4      | Killed Robin
  4050 | D:4      | Reached XP level 8. HP: 25/51 MP: 8/8
  4360 | D:4      | Found a basalt altar of Yredelemnul.
  4415 | D:4      | Found Donkaen's Food Shoppe.
  4488 | D:5      | Found an ancient bone altar of Kikubaaqudgha.
  4603 | D:5      | Found Millik's Distillery.
  4655 | D:5      | Noticed Duvessa
  4655 | D:5      | Noticed Dowan
  4665 | D:5      | Killed Dowan
  4692 | D:5      | Killed Duvessa
  4692 | D:5      | Reached skill level 6 in Fighting
  4692 | D:5      | Reached skill level 5 in Axes
  4808 | D:5      | Reached **** piety under Trog
  5470 | D:6      | Noticed Pikel
  5471 | D:6      | Noticed Blork the orc
  5487 | D:6      | Noticed a two-headed ogre
  5491 | D:6      | Killed Pikel
  5491 | D:6      | Reached skill level 7 in Fighting
  5491 | D:6      | Reached skill level 5 in Dodging
  5491 | D:6      | Reached XP level 9. HP: 49/57 MP: 9/9
  5500 | D:6      | Killed from afar by an orc priest

Skill      XL: |  1  2  3  4  5  6  7  8 |
---------------+-------------------------+-----
Axes           | 3 4 5 |  5.9
Dodging        | 2 3 5 |  5.0
Armour         | 3 4 5 6 |  6.7
Fighting       | 4 5 7 |  7.1

Action                   |  1- 3 |  4- 6 |  7- 9 || total
-------------------------+-------+-------+-------++-------
Melee: Hand axe          |    88 |   163 |   341 ||   592
Invok: Berserk           |     1 |     2 |     6 ||     9
 Stab: Sleeping          |     1 |       |       ||     1
  Eat: Chunk             |     1 |     6 |    11 ||    18
       Ration            |       |       |     1 ||     1
Armor: Animal skin       |    13 |       |       ||    13
       Chain mail        |    31 |   120 |     2 ||   153
       Plate armour      |       |       |   282 ||   282
Dodge: Dodged            |    50 |    88 |   169 ||   307
